 Dungeon Crawl Stone Soup version 0.29.1-1-gd02db6906a (webtiles) character file.

Game seed: 1044707215558091400

170 warriortoast the Conjurer (level 5, -2/42 HPs)
             Began as a Deep Elf Conjurer on Oct 18, 2022.
             Slain by a scorpion (4 damage)
             ... on level 4 of the Dungeon.
             The game lasted 00:05:22 (3225 turns).

warriortoast the Conjurer (Deep Elf Conjurer)       Turns: 3225, Time: 00:05:23

Health: -2/42      AC:  2    Str: 10    XL:     5   Next: 25%
Magic:  6/15       EV: 12    Int: 25    God:
Gold:   197        SH:  0    Dex: 13    Spells: 11/15 levels left

rFire   . . .      SeeInvis .   p - +2 dagger (flame)
rCold   . . .      Faith    .   (no shield)
rNeg    . . .      Spirit   .   a - +0 robe
rPois   .          Reflect  .   (no helmet)
rElec   .          Harm     .   (no cloak)
rCorr   .          Rampage  .   (no gloves)
Will    .....                   (no boots)
Stlth   ..........              (no amulet)
HPRegen 0.14/turn               n - +6 ring of strength
MPRegen 0.14/turn               (no ring)

@: berserking, very quick
A: no striking features
a: no special abilities


You were on level 4 of the Dungeon.
You visited 1 branch of the dungeon, and saw 4 of its levels.

You collected 197 gold pieces.

Inventory:

Hand Weapons
 i - a +0 short sword
 p - a +2 dagger of flaming (weapon)
Armour
 a - a +0 robe (worn)
Jewellery
 n - a +6 ring of strength (left hand)
Scrolls
 d - a scroll of enchant armour {unknown}
 e - a scroll of acquirement {unknown}
 g - 2 scrolls of teleportation {unknown}
 h - a scroll of identify {unknown}
 l - 2 scrolls of immolation {unknown}
 o - a scroll of blinking {unknown}
 q - a scroll of poison {unknown}
Potions
 b - 2 potions of magic
 c - a potion of brilliance {unknown}
 f - a potion of attraction {unknown}
 j - a potion of berserk rage
 k - a potion of lignification {unknown}
 m - a potion of curing
 r - 2 potions of flight {unknown}
 s - a potion of might {unknown}


   Skills:
 - Level 2.4 Dodging
 - Level 2.4 Stealth
 + Level 5.5 Spellcasting
 + Level 5.9 Conjurations
 + Level 1.1 Hexes


You had 11 spell levels left.
You knew the following spells:

 Your Spells              Type           Power      Damage    Failure   Level
a - Magic Dart            Conj           100%       1d8       1%          1
b - Dazzling Flash        Conj/Hex       48%        N/A       5%          3

Your spell library contained the following spells:

 Spells                   Type           Power      Damage    Failure   Level
 Searing Ray              Conj           72%        2d7       1%          2
 Tukima's Dance           Hex            12%        N/A       16%         3
 Portal Projectile        Hex/Tloc       18%        N/A       19%         3
 Fulminant Prism          Conj/Hex       12%        3d9       19%         4
 Iskenderun's Mystic Bla  Conj/Tloc      21%        2d6       22%         4
 Call Canine Familiar     Summ           6%         N/A       24%         3
 Leda's Liquefaction      Hex/Erth       4%         N/A       52%         4
 Blade Hands              Tmut           3%         N/A       91%         5


Dungeon Overview and Level Annotations

Branches:
Dungeon (4/15)
 Temple: D:4-7

Altars:


Message History

The scorpion is severely wounded.
The scorpion stings you.
You are poisoned.
The scorpion poisons you!
You are too injured to fight recklessly!
You are too injured to fight recklessly!
You are too injured to fight recklessly!
You are too injured to fight recklessly!
Casting: Magic Dart (safe; 1% risk of failure)
Confirm with . or Enter, or press ? or * to list all spells.
Aiming: Magic Dart (safe; 1% risk of failure)
Press: ? - help, Shift-Dir - straight line, f/p - scorpion
Aim: a scorpion (severely wounded, 100% to hit)
The magic dart hits the scorpion but does no damage.
The scorpion is severely wounded.
You feel very sick. The scorpion barely misses you.
Casting: Magic Dart (safe; 1% risk of failure)
Confirm with . or Enter, or press ? or * to list all spells.
Aiming: Magic Dart (safe; 1% risk of failure)
Press: ? - help, Shift-Dir - straight line, f/p - scorpion
Aim: a scorpion (severely wounded, 100% to hit)
The magic dart hits the scorpion but does no damage.
The scorpion is severely wounded.
You feel sick.
The scorpion stings you but does no damage.
You closely miss the scorpion.
The scorpion is severely wounded.
* * * LOW HITPOINT WARNING * * *
You feel sick. The scorpion stings you.
* * * LOW HITPOINT WARNING * * *
Your magical contamination has completely faded away.
It was a potion of curing.
You feel better. The scorpion stings you.
* * * LOW HITPOINT WARNING * * *
The scorpion stings you.
* * * LOW HITPOINT WARNING * * *
It was a potion of berserk rage.
A red film seems to cover your vision as you go berserk!
You feel yourself moving faster!
You feel mighty! The scorpion stings you.
You die...

#.#. #.. #... #.#
######. #.# ....... #.#
#.##########. #.#
#............ #.#
######.......
...####s#### #.#####.
.......@...# ####.#####.
..########.###.†........
...............######
################


You could see a scorpion.

Vanquished Creatures
  Jessica (D:3)
  4 adders
  3 worms
  6 dart slugs
  6 orcs
  5 ball pythons
  6 endoplasms
  2 giant cockroaches
  4 goblins
  5 hobgoblins
  8 jackals
  10 bats
  5 frilled lizards
  10 kobolds
  4 rats
79 creatures vanquished.

Notes
Turn   | Place    | Note
-------+----------+-------------------------------------------
     0 | D:1      | warriortoast the Deep Elf Conjurer began the quest for the
                  | Orb.
     0 | D:1      | Reached XP level 1. HP: 10/10 MP: 6/6
   261 | D:2      | Reached XP level 2. HP: 15/15 MP: 2/8
   687 | D:1      | Reached XP level 3. HP: 19/19 MP: 4/10
   691 | D:1      | Learned a level 3 spell: Dazzling Flash
   692 | D:1      | Reached skill level 5 in Conjurations
  1559 | D:2      | Found a faded altar of an unknown god.
  1621 | D:2      | Reached XP level 4. HP: 24/24 MP: 6/12
  2033 | D:3      | Noticed Jessica
  2070 | D:3      | Killed Jessica
  2071 | D:3      | Reached skill level 5 in Spellcasting
  2583 | D:3      | Reached XP level 5. HP: 28/28 MP: 10/14
  3125 | D:4      | Reached skill level 1 in Hexes
  3224 | D:4      | HP: 1/28 [scorpion (3)]
  3225 | D:4      | Slain by a scorpion

Illustrated notes

Levels and vault maps discovered:
D:1:      zaba_arrival_water, layout_rooms, minmay_pentomino_r2
D:2:      layout_rooms, ebering_ecumenical_altar_mist, nrook_campfire,
          st_stairs_12, minmay_misc_feat_ornament
D:3:      layout_rooms, uniq_jessica
D:4:      layout_loops_ring, temple_green

Skill      XL: |  1  2  3  4  5 |
---------------+----------------+-----
Spellcasting   | 4 5 |  5.5
Conjurations   | 5 |  5.9
Hexes          | 1 |  1.1
Dodging        | |  2.4
Stealth        | |  2.4

Action                   |  1- 3 |  4- 6 || total
-------------------------+-------+-------++-------
Melee: Dagger            |       |     4 ||     4
 Cast: Magic Dart        |    89 |    93 ||   182
  Use: Potion            |       |     2 ||     2
 Stab: Sleeping          |       |     1 ||     1
Armor: Robe              |     2 |     2 ||     4
Dodge: Dodged            |     2 |     4 ||     6
